 Dungeon Crawl Stone Soup version 0.29.1-12-g30fa7ad0bf (webtiles) character file.

Game seed: 10550087176209124686

195329 FexLirch the Eclecticist (level 17, -4/133 HPs)
             Began as a Mummy Necromancer on Jan 18, 2023.
             Was the Champion of Kikubaaqudgha.
             Slain by a black mamba (13 damage)
             ... led by a naga ritualist
             ... on level 3 of the Snake Pit.
             The game lasted 02:18:45 (28974 turns).

FexLirch the Eclecticist (Mummy Necromancer)       Turns: 28974, Time: 02:18:45

Health: -4/133     AC: 11    Str: 15    XL:     17   Next: 70%
Magic:  1/46       EV: 16    Int: 21    God:    Kikubaaqudgha [******]
Gold:   1360       SH: 13    Dex: 16    Spells: 5/49 levels left

rFire   . . .      SeeInvis .   j - +3 demon trident (vamp)
rCold   + . .      Faith    .   R - +2 kite shield {rC+}
rNeg    + + +      Spirit   .   q - +2 robe {Will+}
rPois   ∞          Reflect  .   K - +1 helmet
rElec   +          Harm     .   M - +1 cloak of Mics {rElec rPois Int+3}
rCorr   .          Rampage  +   o - +0 pair of gloves {Dex+3}
Will    +++..                   S - +1 pair of boots {rampage}
Stlth   ++........              V - amulet of magic regeneration
HPRegen 0.32/turn               B - ring of magical power
MPRegen 0.70/turn               y - ring of fire

@: death channelling, animating dead
A: cold resistance 1, negative energy resistance 3, torment resistance 2, heat
vulnerability 1, in touch with death 2, no potions
}: 1/15 runes: barnacled
a: Renounce Religion, Unearth Wretches, Torment


You were on level 3 of the Snake Pit.
You worshipped Kikubaaqudgha.
Kikubaaqudgha was exalted by your worship.
You visited 6 branches of the dungeon, and saw 28 of its levels.
You visited 1 bazaar.
You also visited: Volcano.

You collected 2481 gold pieces.
You spent 1121 gold pieces at shops.

Inventory:

Hand Weapons
 g - a +2 whip of electrocution
 j - a +3 vampiric demon trident (weapon)
 w - a +6 demon whip of pain
 P - the +5 morningstar of Gazing Quick Death {elec, rPois Dex+5}
   (You found it on level 4 of the Shoals)

   It occasionally discharges a powerful burst of electricity upon striking a
   foe.
   Dex:       It affects your dexterity (+5).
   rPois:     It protects you from poison.
 X - a -1 demon whip of freezing
Missiles
 h - 2 throwing nets
Armour
 m - a +1 kite shield of protection
 o - a +0 pair of gloves of dexterity (worn)
 q - a +2 robe of willpower (worn)
 F - the +12 chain mail of Articulation {rElec}
   (You took it off a minotaur on level 4 of the Shoals)

   rElec:     It insulates you from electricity.
 K - a +1 helmet (worn)
 M - the +1 cloak of Mics (worn) {rElec rPois Int+3}
   (You found it on level 11 of the Dungeon)

   Int:       It affects your intelligence (+3).
   rElec:     It insulates you from electricity.
   rPois:     It protects you from poison.
 R - a +2 kite shield of cold resistance (worn)
 S - a +1 pair of boots of rampaging (worn)
Magical Staves
 e - a staff of earth
 f - a staff of fire
Jewellery
 c - a ring of flight
 k - a ring of willpower
 l - the amulet "Carubara" {Acrobat Dex+4}
   (You found it on level 8 of the Dungeon)

   [amulet of the acrobat]

   It increases your evasion while moving and waiting.
   Dex:       It affects your dexterity (+4).
 y - a ring of fire (right hand)
 B - a ring of magical power (left hand)
 C - a +6 ring of intelligence
 N - a ring of ice
 O - a ring of see invisible
 T - a ring of willpower
 U - a ring of resist corrosion
 V - an amulet of magic regeneration (around neck)
 W - a +6 ring of strength
 Y - a ring of wizardry
 Z - a +6 ring of intelligence
Wands
 d - a wand of charming (24)
 n - a wand of iceblast (6)
 s - a wand of digging (16)
 H - a wand of flame (28)
 Q - a wand of polymorph (7)
Scrolls
 a - 3 scrolls of butterflies
 b - 3 scrolls of enchant armour
 i - 13 scrolls of teleportation
 p - 3 scrolls of identify
 r - 3 scrolls of magic mapping
 t - 2 scrolls of summoning
 u - 11 scrolls of amnesia
 v - a scroll of blinking {unknown}
 x - 4 scrolls of noise
 A - 8 scrolls of vulnerability
 D - 3 scrolls of silence
 E - 3 scrolls of fear
 G - 5 scrolls of immolation
 I - a scroll of torment
 L - 6 scrolls of poison


   Skills:
 + Level 12.2 Fighting
 - Level 1.3 Long Blades
 + Level 12.4 Maces & Flails
 + Level 10.5 Dodging
 - Level 1.6 Stealth
 + Level 8.3 Shields
 + Level 16.6 Spellcasting
 - Level 8.0 Hexes
 + Level 14.4 Necromancy
 + Level 5.6 Translocations
 + Level 9.0 Earth Magic


You had 5 spell levels left.
You knew the following spells:

 Your Spells              Type           Power      Damage    Failure   Level
a - Necrotise             Necr           100%       1d9       1%          1
b - Vampiric Draining     Necr           100%       2d13      1%          3
c - Animate Dead          Necr           100%       N/A       1%          4
d - Agony                 Necr           100%       N/A       1%          5
e - Anguish               Hex/Necr       49%        N/A       1%          4
f - Cause Fear            Hex            25%        N/A       3%          4
g - Borgnjor's Vile Clut  Necr/Erth      50%        N/A       1%          5
h - Dispel Undead         Necr           100%       3d31      1%          4
i - Tukima's Dance        Hex            50%        N/A       1%          3
j - Death Channel         Necr           54%        N/A       3%          6
k - Passage of Golubria   Tloc           41%        N/A       8%          4
l - Apportation           Tloc           82%        N/A       1%          1

Your spell library contained the following spells:

 Spells                   Type           Power      Damage    Failure   Level
 Portal Projectile        Hex/Tloc       92%        N/A       1%          3
 Ensorcelled Hibernation  Hex/Ice        68%        N/A       2%          2
 Dazzling Flash           Conj/Hex       68%        N/A       4%          3
 Summon Small Mammal      Summ           68%        N/A       9%          1
 Corpse Rot               Necr/Pois/Air  71%        N/A       11%         4
 Static Discharge         Conj/Air       17%        3-6/arc   12%         2
 Petrify                  Tmut/Erth      36%        N/A       12%         4
 Iskenderun's Mystic Bla  Conj/Tloc      29%        2d7       26%         4
 Silence                  Hex/Air        17%        N/A       41%         5
 Hailstorm                Conj/Ice       17%        3d6       63%         4
 Alistair's Intoxication  Tmut/Pois      11%        N/A       92%         5
 Irradiate                Conj/Tmut      8%         3d14      92%         5
 Lightning Bolt           Conj/Air       8%         1d21      92%         5
 Simulacrum               Ice/Necr       41%        N/A       54%         6
 Conjure Ball Lightning   Conj/Air       8%         3x3d6     100%        6
 Eringya's Noxious Bog    Tmut/Pois      8%         N/A       100%        6
 Starburst                Conj/Fire      13%        6d5       100%        6
 Discord                  Hex            25%        N/A       100%        8
 Disjunction              Tloc           20%        N/A       100%        8
 Lehudib's Crystal Spear  Conj/Erth      18%        10d5      100%        8
 Maxwell's Capacitive Co  Air            8%         ∞         100%        8
 Dragon's Call            Summ           8%         N/A       100%        9
 Sublimation of Blood     Necr           Unusable   N/A       N/A         2
 Spider Form              Tmut/Pois      Unusable   N/A       N/A         3
 Ice Form                 Ice/Tmut       Unusable   N/A       N/A         4
 Blade Hands              Tmut           Unusable   N/A       N/A         5
 Dragon Form              Tmut           Unusable   N/A       N/A         7

Dungeon Overview and Level Annotations

Branches:
Dungeon (13/15)            Temple (1/1) D:7            Lair (5/5) D:8
 Shoals (4/4) Lair:3        Snake (3/4) Lair:3        Slime (0/5) Lair:5
    Orc (2/2) D:11            Elf (0/3) Orc:2        Vaults (0/5) D:13
Volcano (visited)

Altars:
Kikubaaqudgha
Makhleb
Okawaru
Qazlal
Uskayaw
Vehumet
Wu Jian

Shops:
D:1 !   D:5 ?   D:7 *   D:11 :   D:12 =   Orc:2 :([*(

Annotations:
D:4 exclusion: 2 orc priests
D:6 Maggie
D:12 exclusion: orange crystal statue
Lair:5 1 runed translucent door
Shoals:2 6 transporters


Innate Abilities, Weirdness & Mutations

You are immune to poison.
Your flesh is cold resistant. (rC+)
You are immune to negative energy. (rN+++)
You are immune to unholy pain and torment.
You are vulnerable to heat. (rF-)
You are strongly in touch with the powers of death.
You do not drink.


Message History

The bolt hits your spectral naga mage! The bolt burns your spectral naga mage.
The naga closely misses your spectral black mamba.
Your spectral anaconda grabs the black mamba.
Your spectral anaconda bites the black mamba!
Your spectral anaconda constricts the black mamba.
Your salamander zombie hits the salamander mystic but does no damage.
Your spectral naga ritualist closely misses the naga.
Your spectral naga ritualist grabs the naga.
Your spectral naga ritualist constricts the naga.
The naga barely misses your spectral anaconda.
The naga constricts your naga warrior zombie.
You block the black mamba's attack.
Your spectral shock serpent barely misses the naga.
Your spectral naga warrior hits the naga sharpshooter but does no damage.
The black mamba closely misses you.
Your spectral anaconda bites the naga.
The naga dies!
Kikubaaqudgha accepts your kill.
The dead are walking!
A glowing mist starts to gather...
Your naga mage zombie barely misses the naga sharpshooter.
The salamander mystic closely misses your spectral shock serpent.
Your spectral salamander completely misses the naga.
The naga hits your shock serpent zombie with a +0 trident!
The naga constricts your shock serpent zombie.
Your shock serpent zombie closely misses the naga.
Your spectral naga mage hits the naga sharpshooter but does no damage.
Cast which spell? (? or * to list)
Aiming: Vampiric Draining (safe; 1% risk of failure)
Press: ? - help, Shift-Dir - straight line, f - black mamba
Aim: a black mamba You feel a strong surge of power!
You draw life force from the black mamba.
You feel life coursing into your body.
The zombie hands constrict the naga sharpshooter!!
Your spectral anaconda bites the black mamba.
Your spectral anaconda constricts the black mamba.
The black mamba bites you!
* * * LOW HITPOINT WARNING * * *
The black mamba bites you!
You die...
Kikubaaqudgha rasps: "You have failed me!
Welcome... oblivion!"

#. #.... #.##.
..#.# # ...S .!..#
##
#.##.#.#...###...
......[...........
.....).......N....
#....#S#S#.Z..)...
...#..@ZZ#..NN..#
.#.ZZZZZZ#...N..
......ZZZ.Z)..#
...#Z.Z8ZZZ#..#


.ZZ)ZZZZZZZZZ.# .ZN#NZZZZZZ#)ZZ... ....#ZZZZZ#Z)).### ....)#N#Z#NZ.Z..#
#.....Z.Z......# You could see a naga sharpshooter (distracted, clutched, ally
target), a salamander mystic, 2 black mambas, 3 nagas, 3 friendly spectral black
mambas, 3 friendly spectral anacondas, 2 friendly spectral nagas, 2 friendly
spectral naga warriors, a friendly spectral naga mage, 3 friendly spectral
salamanders, 2 friendly spectral shock serpents, 5 friendly spectral mana
vipers, a friendly spectral naga ritualist, 3 friendly black mamba zombies, 4
friendly anaconda zombies, a friendly naga zombie, a friendly naga warrior
zombie, 2 friendly naga mage zombies, a friendly guardian serpent zombie, 2
friendly salamander zombies, 2 friendly shock serpent zombies, 5 friendly mana
viper zombies, 2 friendly naga ritualist zombies and 2 friendly naga
sharpshooter zombies.

Vanquished Creatures
  An orc warlord (Orc:2)
  A minotaur (Shoals:4)
  An ettin (D:11)
  2 merfolk impalers
  Fannar (D:11)
  3 hydras
  3 boulder beetles
  A vault guard (D:13)
  A catoblepas (Lair:5)
  An ogre mage (D:11)
  2 anacondas
  2 alligator snapping turtles
  A merfolk aquamancer (Shoals:2)
  A centaur warrior (D:13)
  5 naga warriors
  6 two-headed ogres
  7 satyrs (Shoals:4)
  An alligator (Lair:5)
  2 orc high priests (Orc:2)
  3 death yaks (Lair:3)
  A naga sharpshooter (Snake:3)
  2 shock serpents
  Amaemon (Lair:3)
  A fire crab (Lair:1)
  6 sea snakes
  A naga ritualist (Snake:2)
  An orc knight (Orc:2)
  2 deep elf pyromancers
  An orc sorcerer (Orc:2)
  4 harpies
  2 mana vipers
  8 fauns
  An ugly thing (D:12)
  A cyclops (Shoals:2)
  7 manticores
  9 black mambas
  5 merfolk sirens
  4 salamanders
  6 guardian serpents
  4 elephants
  Maurice (D:8)
  2 water nymphs (Shoals:4)
  10 cane toads
  4 naga magi
  2 unseen horrors (D:12)
  4 komodo dragons
  A tengu conjurer (D:11)
  3 trolls
  A polar bear (Lair:3)
  7 wind drakes
  A raiju (shapeshifter) (D:11)
  A hornet (D:7)
  13 merfolk
  Grinder (D:5)
  Prince Ribbit (D:7)
  2 snapping turtles (Shoals:3)
  2 slime creatures (D:12)
  9 dream sheep
  11 blink frogs
  2 wyverns
  3 water elementals (Shoals:2)
  35 yaks
  A basilisk (Lair:2)
  2 fire bats (Lair:1)
  Eustachio (D:4)
  2 steam dragons
  7 vampire mosquitoes
  6 nagas
  2 wargs (Orc:1)
  4 acid dragons
  19 water moccasins
  4 hell hounds
  2 sky beasts (D:7)
  4 black bears
  16 orc warriors
  5 ogres
  2 centaurs
  7 wolves
  2 phantoms
  A necrophage (D:5)
  13 bullfrogs
  A gnoll sergeant (D:12)
  3 scorpions
  10 wights
  9 killer bees
  3 electric eels
  A hound (D:4)
  11 orc priests
  2 jellies
  2 gnoll boudas
  Jessica (D:3)
  2 iguanas
  9 orc wizards
  5 hell rats
  12 gnolls
  5 adders
  An ufetubus (D:6)
  A worm (D:3)
  5 dart slugs
  42 orcs
  10 ball pythons
  13 endoplasms
  3 giant cockroaches
  3 goblins
  2 hobgoblins
  5 jackals
  5 quokkas
  10 bats
  4 frilled lizards (D:2)
  13 kobolds
  5 rats
  A plant (Shoals:2)
527 creatures vanquished.

Vanquished Creatures (collateral kills)
  2 sphinxes (Shoals:4)
  Gastronok (Lair:1)
  Kirke (Lair:4)
  2 dire elephants (Lair:5)
  3 merfolk impalers
  A vault guard (D:13)
  2 hydras
  An ice dragon (D:11)
  A boulder beetle (D:12)
  Erolcha (D:12)
  A merfolk avatar (Shoals:3)
  8 anacondas
  A catoblepas (Lair:5)
  An alligator (Snake:1)
  3 satyrs (Shoals:4)
  A two-headed ogre (D:11)
  2 naga warriors
  A naga sharpshooter (Snake:3)
  2 orc high priests (Orc:2)
  3 shock serpents
  A fire crab (Lair:5)
  3 goliath frogs (Snake:1)
  4 sea snakes
  2 naga ritualists (Snake:3)
  An orc knight (Orc:2)
  5 harpies
  A deep elf pyromancer (D:13)
  10 fauns
  6 mana vipers
  4 manticores
  A salamander (Snake:3)
  2 cyclopes
  3 naga magi
  2 guardian serpents (Snake:1)
  11 elephants
  7 merfolk sirens
  11 cane toads
  An orange demon (Lair:3)
  4 water nymphs
  A smoke demon (Volcano)
  9 black mambas
  3 rime drakes (Lair:5)
  2 komodo dragons
  A troll (D:12)
  22 merfolk
  3 polar bears
  3 tyrant leeches (Lair:5)
  16 blink frogs
  A wind drake (Shoals:1)
  3 snapping turtles
  2 slime creatures
  5 dream sheep
  2 wyverns (Lair:5)
  5 water elementals
  9 yaks
  3 basilisks
  3 hogs (Lair:4)
  12 vampire mosquitoes
  2 steam dragons
  6 nagas
  A warg (Orc:2)
  6 water moccasins
  10 orc warriors
  6 wolves
  2 ogres
  A kobold brigand (D:8)
  8 bullfrogs
  A yak zombie (D:9)
  2 killer bees (D:10)
  An electric eel (Snake:1)
  A hound (D:5)
  3 orc priests (Orc:2)
  9 orc wizards
  3 hell rats
  4 gnolls
  2 white imps
  17 orcs
  A ball python (D:1)
  A hobgoblin (D:4)
  A jackal (D:2)
  2 kobolds (D:8)
  2 butterflies (Lair:3)
314 creatures vanquished.

Vanquished Creatures (others)
  A sphinx (Shoals:4)
  An orc warlord (Orc:2)
  The ghost of Kazon the Carver, a journeyman MiFi of Okawaru (D:12)
  A merfolk javelineer (Shoals:3)
  A merfolk impaler (Shoals:4)
  A hydra (Lair:4)
  A boulder beetle (D:12)
  2 vault guards (D:13)
  An anaconda (Snake:3)
  A two-headed ogre (D:11)
  2 alligator snapping turtles
  A naga warrior (Snake:2)
  A merfolk aquamancer (Shoals:1)
  A naga sharpshooter (Snake:2)
  A goliath frog (Lair:5)
  2 anaconda zombies (Snake:1)
  A naga ritualist (Snake:3)
  An orc knight (Orc:2)
  A goliath frog zombie (Lair:5)
  6 harpies
  A deep elf pyromancer (D:13)
  4 manticores
  2 cyclopes
  A faun (Shoals:2)
  A merfolk siren (Shoals:4)
  4 black mambas
  A naga mage (Snake:2)
  A cane toad (Lair:2)
  A water nymph (Shoals:4)
  An unseen horror zombie (D:12)
  A catoblepas zombie (Lair:5)
  Psyche (D:11)
  A mana viper zombie (Snake:2)
  2 sea snake zombies
  2 trolls
  10 harpy zombies
  A meliai (D:13)
  A hydra zombie (Lair:5)
  A polar bear (Lair:3)
  3 merfolk
  A guardian serpent zombie (Snake:1)
  3 blink frogs
  3 dream sheep
  3 wind drakes (Shoals:4)
  A meliai zombie (D:13)
  3 snapping turtles (Shoals:4)
  6 black mamba zombies
  A human (Lair:4)
  A slime creature zombie (D:13)
  2 wind drake zombies
  A fire bat (Lair:1)
  6 yaks
  A steam dragon (D:13)
  A faun zombie (Shoals:4)
  4 nagas
  2 wargs (Orc:2)
  3 fire bat zombies (Lair:1)
  A water moccasin (Lair:2)
  3 cane toad zombies (Lair:5)
  3 two-headed ogre zombies (D:11)
  A water nymph zombie (Shoals:4)
  3 manticore zombies
  11 orc warriors
  An elf zombie (D:13)
  9 merfolk zombies
  10 vampire mosquito zombies
  3 blink frog zombies (Lair:5)
  A rime drake zombie (Lair:5)
  A fire crab zombie (Lair:1)
  A cyclops zombie (D:13)
  2 hell hound zombies
  6 water moccasin zombies
  4 human zombies
  5 naga zombies (Snake:3)
  10 yak zombies
  A polar bear zombie (Lair:5)
  A killer bee (D:10)
  2 troll zombies
  A demonspawn zombie (Lair:3)
  3 bullfrog zombies
  A centaur zombie (D:8)
  3 orc priests
  A black bear zombie (D:6)
  A basilisk zombie (Lair:5)
  2 hell rats (Lair:5)
  2 orc wizards (Orc:2)
  2 killer bee zombies
  2 ogre zombies (Orc:2)
  2 hell rat zombies (Lair:5)
  3 steam dragon zombies
  A jelly zombie (D:6)
  10 orcs
  7 gnoll zombies
  55 orc zombies
  49 fungi
  195 plants
529 creatures vanquished.

Grand Total: 1370 creatures vanquished

Notes
Turn   | Place    | Note
-------+----------+-------------------------------------------
     0 | D:1      | FexLirch the Mummy Necromancer began the quest for the Orb.
     0 | D:1      | Reached XP level 1. HP: 13/13 MP: 4/4
   254 | D:1      | Reached skill level 3 in Spellcasting
   272 | D:1      | Reached XP level 2. HP: 19/19 MP: 4/6
   661 | D:1      | Found Faerhum's Distillery.
   761 | D:1      | Gained mutation: You are in touch with the powers of death.
                  | [Mummy growth]
   761 | D:1      | Reached XP level 3. HP: 24/24 MP: 5/8
  1445 | D:2      | Identified the +0 robe of the Snail {Will- Int+5}
  1586 | D:2      | Reached skill level 4 in Spellcasting
  1871 | D:2      | Reached XP level 4. HP: 29/30 MP: 6/10
  2510 | D:3      | Reached skill level 5 in Necromancy
  2670 | D:3      | Learned a level 3 spell: Vampiric Draining
  2675 | D:3      | Learned a level 4 spell: Animate Dead
  2899 | D:3      | Reached XP level 5. HP: 35/35 MP: 8/12
  3043 | D:3      | Reached skill level 5 in Spellcasting
  3105 | D:3      | Noticed Jessica
  3112 | D:3      | Killed Jessica
  3775 | D:4      | Noticed a phantom
  3835 | D:4      | Noticed Eustachio
  3840 | D:4      | Killed Eustachio
  3841 | D:4      | Reached skill level 6 in Spellcasting
  3841 | D:4      | Reached XP level 6. HP: 40/41 MP: 10/15
  3869 | D:4      | Noticed a steam dragon
  3953 | D:4      | Killed a steam dragon
  4145 | D:4      | Reached XP level 7. HP: 42/46 MP: 17/17
  4417 | D:5      | Entered Level 5 of the Dungeon
  4422 | D:4      | Reached skill level 7 in Spellcasting
  4971 | D:5      | Found Kimoewn's Magic Scroll Shoppe.
  4977 | D:5      | Bought a scroll of brand weapon for 114 gold pieces
  5072 | D:5      | Reached skill level 8 in Spellcasting
  5177 | D:5      | Noticed Grinder
  5188 | D:5      | Killed Grinder
  5189 | D:5      | Reached XP level 8. HP: 29/52 MP: 18/20
  5679 | D:6      | Learned a level 5 spell: Agony
  5713 | D:6      | Reached skill level 1 in Fighting
  5737 | D:5      | Reached skill level 9 in Spellcasting
  5808 | D:6      | Noticed Maggie
  6194 | D:7      | Found Iludab's Assorted Antiques.
  6197 | D:7      | Bought an encrusted jade ring for 160 gold pieces
  6414 | D:7      | Reached XP level 9. HP: 43/63 MP: 22/22
  6881 | D:7      | Noticed Prince Ribbit
  6893 | D:7      | Killed Prince Ribbit
  6956 | D:7      | Reached skill level 10 in Spellcasting
  7078 | D:7      | Found a staircase to the Ecumenical Temple.
  7309 | Temple   | Entered the Ecumenical Temple
  7480 | Temple   | Became a worshipper of Kikubaaqudgha
  8144 | D:8      | Identified the amulet "Carubara" {Acrobat Dex+4}
  8350 | D:8      | Noticed Maurice
  8358 | D:8      | Killed Maurice
  8366 | D:8      | Reached skill level 5 in Fighting
  8525 | D:7      | Reached XP level 10. HP: 64/74 MP: 24/24
  8572 | D:7      | Reached * piety under Kikubaaqudgha
  8572 | D:7      | Received a gift from Kikubaaqudgha
  8578 | D:7      | Learned a level 4 spell: Anguish
  9321 | D:8      | Found a staircase to the Lair.
  9810 | D:9      | Reached skill level 5 in Dodging
  9810 | D:9      | Reached skill level 11 in Spellcasting
  9813 | D:9      | Reached skill level 1 in Hexes
  9814 | D:9      | Reached skill level 10 in Necromancy
 10334 | D:9      | Found an iron altar of Okawaru.
 10778 | D:10     | Entered Level 10 of the Dungeon
 10847 | D:10     | Reached skill level 1 in Long Blades
 10894 | D:10     | Learned a level 4 spell: Cause Fear
 11219 | D:10     | Learned a level 5 spell: Borgnjor's Vile Clutch
 11563 | D:11     | Noticed Psyche
 11622 | D:11     | Noticed a cyclops
 11636 | D:11     | Killed a cyclops
 11637 | D:11     | Reached skill level 1 in Maces & Flails
 11704 | D:11     | Noticed a two-headed ogre
 11713 | D:11     | Killed a two-headed ogre
 11714 | D:11     | Reached skill level 1 in Earth Magic
 11714 | D:11     | Reached XP level 11. HP: 80/83 MP: 26/26
 11794 | D:11     | Reached ** piety under Kikubaaqudgha
 11916 | D:11     | Found Wozot's Book Boutique.
 12051 | D:11     | Noticed an ettin
 12073 | D:11     | Killed an ettin
 12452 | D:11     | Killed Psyche
 12457 | D:11     | Identified the +1 cloak of Mics {rElec rPois Int+3}
 12492 | D:11     | Noticed an ice dragon
 12526 | D:11     | Your ally Psyche died
 12798 | D:11     | Noticed an ogre mage
 12798 | D:11     | Noticed a two-headed ogre
 12798 | D:11     | Noticed Fannar
 12798 | D:11     | Noticed a two-headed ogre
 12798 | D:11     | Noticed a two-headed ogre
 12811 | D:11     | Killed a two-headed ogre
 12847 | D:11     | Killed a two-headed ogre
 12848 | D:11     | Reached skill level 12 in Spellcasting
 12848 | D:11     | Noticed a two-headed ogre
 12849 | D:11     | Noticed a two-headed ogre
 13020 | D:11     | Killed a two-headed ogre
 13021 | D:11     | Killed a two-headed ogre
 13025 | D:11     | Killed an ogre mage
 13036 | D:11     | Killed a two-headed ogre
 13042 | D:11     | Killed Fannar
 13062 | D:11     | Killed an ice dragon
 13446 | D:11     | Found a staircase to the Orcish Mines.
 13524 | D:12     | Reached XP level 12. HP: 61/91 MP: 19/28
 13546 | D:12     | Found Reiserph's Jewellery Boutique.
 13978 | D:12     | Reached skill level 1 in Shields
 14130 | D:12     | Noticed a boulder beetle
 14141 | D:12     | Killed a boulder beetle
 14142 | D:12     | Reached skill level 5 in Maces & Flails
 14498 | D:12     | Noticed Erolcha
 14502 | D:12     | Killed Erolcha
 14503 | D:12     | Reached skill level 5 in Hexes
 14542 | D:12     | Found a runed translucent door.
 14581 | D:12     | Found a runed translucent door.
 14581 | D:12     | Noticed Kazon's ghost (journeyman MiFi)
 14624 | D:12     | Killed Kazon's ghost
 14794 | D:13     | Noticed a boulder beetle
 14807 | D:12     | Killed a boulder beetle
 14967 | D:13     | Reached *** piety under Kikubaaqudgha
 14967 | D:13     | Received a gift from Kikubaaqudgha
 14973 | D:13     | Found a gate to the Vaults.
 14973 | D:13     | Noticed a two-headed ogre
 14973 | D:13     | Noticed a vault guard
 14973 | D:13     | Noticed a vault guard
 14973 | D:13     | Noticed a vault guard
 14975 | D:13     | Noticed a vault guard
 14980 | D:13     | Killed a two-headed ogre
 14980 | D:13     | Killed a vault guard
 14980 | D:13     | Killed a vault guard
 14981 | D:13     | Reached skill level 13 in Spellcasting
 14983 | D:13     | Killed a vault guard
 14990 | D:13     | Killed a vault guard
 14994 | D:13     | Gained mutation: You are strongly in touch with the powers
                  | of death. [Mummy growth]
 14994 | D:13     | Reached XP level 13. HP: 84/99 MP: 5/30
 15609 | D:13     | Noticed a fire dragon
 15756 | D:8      | Learned a level 4 spell: Dispel Undead
 15757 | Lair:1   | Entered Level 1 of the Lair of Beasts
 15757 | Lair:1   | Found an ornate altar of the Wu Jian Council.
 15757 | Lair:1   | Found a hide-covered altar of Uskayaw.
 16174 | Lair:1   | Found a transporter.
 16331 | Lair:1   | Learned a level 3 spell: Tukima's Dance
 16472 | Lair:1   | Noticed Gastronok
 16482 | Lair:1   | Killed Gastronok
 16564 | Lair:1   | Identified the +0 morningstar "Voesmaipt" {drain, rElec rC-
                  | rCorr}
 16620 | Lair:1   | Found a transporter.
 16966 | Lair:2   | Reached skill level 5 in Earth Magic
 16997 | Lair:2   | Reached **** piety under Kikubaaqudgha
 17639 | D:12     | Bought an amulet of magic regeneration for 510 gold pieces
 18469 | Lair:3   | Noticed Amaemon
 18479 | Lair:3   | Killed Amaemon
 18586 | Lair:3   | Found a staircase to the Snake Pit.
 18597 | Lair:3   | Your ally Amaemon died
 18658 | Lair:3   | Found a staircase to the Shoals.
 18687 | Lair:3   | Reached ***** piety under Kikubaaqudgha
 18688 | Lair:3   | Reached XP level 14. HP: 74/108 MP: 22/31
 18706 | Lair:3   | Found a dark tunnel.
 18822 | Volcano  | Entered a volcano
 19537 | Lair:3   | Reached skill level 14 in Spellcasting
 20133 | Lair:3   | Learned a level 6 spell: Death Channel
 20235 | Lair:4   | Noticed Kirke
 20242 | Lair:4   | Killed Kirke
 20256 | Lair:4   | You fall into a shaft and drop 1 floor!
 20256 | Lair:5   | Entered Level 5 of the Lair of Beasts
 20314 | Lair:5   | Reached skill level 5 in Shields
 20364 | Lair:5   | Found a runed translucent door.
 20371 | Lair:5   | Noticed an azure jelly
 20561 | Lair:5   | Reached skill level 10 in Fighting
 20763 | Lair:5   | Reached ****** piety under Kikubaaqudgha
 20864 | Lair:5   | Noticed an azure jelly
 20866 | Lair:5   | Found a staircase to the Slime Pits.
 21162 | Lair:5   | Reached XP level 15. HP: 115/115 MP: 19/33
 21898 | Lair:4   | Learned a level 4 spell: Passage of Golubria
 22310 | Orc:1    | Entered Level 1 of the Orcish Mines
 22459 | Orc:2    | Entered Level 2 of the Orcish Mines
 22459 | Orc:2    | Noticed an orc warlord
 22459 | Orc:2    | Found Cemit's Antique Armour Shoppe.
 22468 | Orc:2    | Killed an orc warlord
 22493 | Orc:2    | Reached skill level 1 in Translocations
 22522 | Orc:2    | Found Lietiedi's Book Emporium.
 22528 | Orc:2    | Found a staircase to the Elven Halls.
 22602 | Orc:2    | Found Goehin's General Store.
 22605 | Orc:2    | Found Atesuucw's Antique Weapon Emporium.
 22619 | Orc:2    | Noticed an orc warlord
 22659 | Orc:2    | Killed an orc warlord
 22664 | Orc:2    | Reached skill level 15 in Spellcasting
 22701 | Orc:2    | Bought a scroll of enchant weapon for 82 gold pieces
 22994 | Orc:2    | Found Ymei's Weapon Emporium.
 23892 | Shoals:1 | Entered Level 1 of the Shoals
 23893 | Shoals:1 | Identified a +2 demon whip of pain (a +0 demon whip
                  | bloodied by Kikubaaqudgha)
 23893 | Shoals:1 | Received a gift from Kikubaaqudgha
 23900 | Shoals:1 | Reached skill level 10 in Maces & Flails
 24006 | Shoals:1 | HP: 3/117 [merfolk/+0 spear[a merfolk impaler] (20)]
 24844 | Shoals:2 | Found a transporter.
 24846 | Shoals:2 | Found a transporter.
 24896 | Shoals:2 | Found a transporter.
 24907 | Shoals:2 | Found a transporter.
 25108 | Shoals:2 | Reached XP level 16. HP: 106/124 MP: 35/35
 25109 | Shoals:2 | Found a transporter.
 25112 | Shoals:2 | Found a transporter.
 25318 | Shoals:2 | Learned a level 1 spell: Apportation
 25668 | Shoals:3 | Found a flickering gateway to a bazaar.
 25733 | Bazaar   | Entered a bazaar
 25741 | Bazaar   | Found Fotrouze's Jewellery Shop.
 25765 | Bazaar   | Found Egaexkog's Book Shop.
 25786 | Bazaar   | Bought a ring of flight for 105 gold pieces
 25786 | Bazaar   | Bought a ring of willpower for 150 gold pieces
 25890 | Shoals:4 | Entered Level 4 of the Shoals
 26157 | Shoals:4 | Noticed a sphinx
 26158 | Shoals:4 | Noticed a sphinx
 26164 | Shoals:4 | Got a barnacled rune of Zot
 26166 | Shoals:4 | Killed a sphinx
 26168 | Shoals:4 | Killed a sphinx
 26348 | Shoals:4 | Reached skill level 10 in Dodging
 26348 | Shoals:4 | Reached skill level 16 in Spellcasting
 26765 | Shoals:4 | Identified the +12 chain mail of Articulation {rElec}
 26822 | Shoals:4 | Noticed a sphinx
 26841 | Shoals:4 | Killed a sphinx
 27285 | Shoals:4 | Identified the +5 morningstar of Gazing Quick Death {elec,
                  | rPois Dex+5}
 27428 | Snake:1  | Entered Level 1 of the Snake Pit
 27782 | Lair:1   | Reached XP level 17. HP: 109/133 MP: 20/37
 28352 | Snake:1  | Reached skill level 5 in Translocations
 28974 | Snake:3  | Slain by a black mamba

Illustrated notes

Levels and vault maps discovered:
D:1:      lemuel_arrival_broad_hall, layout_loops_ring, serial_shops,
          nicolae_shop_advertising_works [nicolae_subvault_shop_adworks],
          minmay_heptomino_o4
D:2:      layout_loops_ring, chequers_serial_rivers_room_b,
          minmay_misc_feat_nine_boxes, minmay_cut_off
D:3:      layout_basic, uniq_jessica
D:4:      layout_cave_pools, mainiacjoe_overflow_surrounded_room, uniq_eustachio
D:5:      layout_gridville, serial_shops, shop, uniq_grinder
D:6:      layout_basic, ebering_dispersal_statue_hall, uniq_maggie, uniq_sigmund
D:7:      layout_basic, minmay_temple_entry_glass, serial_shops,
          kennysheep_mini_moat, uniq_prince_ribbit1
D:8:      layout_layer_cave, lair_entry_dummy, uniq_maurice
D:9:      layout_loops_ring, mainiacjoe_overflow_alcove_4
D:10:     layout_roguey
D:11:     minmay_mutant_horseshoe, layout_irregular_city, david_orc_4,
          serial_shops, nicolae_shop_statue_plus,
          chequers_serial_rivers_micro_a, uniq_fannar, uniq_psyche
D:12:     layout_roguey, gammafunk_ghost_grave, serial_shops, shop,
          kennysheep_donut, minmay_crystal_box, uniq_erolcha, uniq_nergalle
D:13:     layout_roguey, lightli_vaults_fourway_checkpoint, st_stairs_9,
          uniq_rupert
Temple:   mainiacjoe_temple_cubbyholes
Lair:1:   gammafunk_cloud_chamber, layout_gridlike,
          nzn_masters_of_martial_movement, serial_bayou_shore_a,
          grunt_megastairs_1, uniq_gastronok
Lair:2:   layout_cave_pods, serial_bayou_pond_d
Lair:3:   layout_roguey, elwin_shoals_entry_rocks, guppyfry_snake_entry_island,
          enter_volcano_2, lemuel_fruit_fields, uniq_amaemon
Lair:4:   layout_misc_corridors, uniq_kirke
Lair:5:   minmay_lair_end_frog_pond, layout_misc_corridors, slime_entry_2,
          nicolae_lair_lakeside_cave
Shoals:1: layout_shoals, nicolae_shoals_dead_sea_scrolls
Shoals:2: layout_shoals, nicolae_shoals_circle_sea_wall, serial_nicolae_subway,
          nicolae_sub_station_stone, nicolae_sub_station_crystal,
          nicolae_sub_station_metal
Shoals:3: layout_shoals, serial_shops, bzr_entry_dummy
Shoals:4: shoals_end_hellmonk_lost_city
Snake:1:  nicolae_snake_unarmed_stairs_patrol, layout_rooms,
          nicolae_snake_herptile_family_reunion
Snake:2:  layout_cave_shapes
Snake:3:  layout_misc_corridors, drop_trap, evilmike_ambush
          [evilmike_ambush_outer_pillars, evilmike_ambush_inner_basic],
          minmay_shoptagon, lemuel_fruit_tree
Orc:1:    layout_caves
Orc:2:    grunt_orc_gardens, layout_diamond_mine, grunt_orc_garden,
          grunt_orc_garden, grunt_orc_garden, grunt_orc_garden, serial_shops,
          shop, basic_altar

Skill      XL: |  1  2  3  4  5  6  7  8  9 10 11 12 13 14 15 16 17 |
---------------+----------------------------------------------------+-----
Spellcasting   | 3 4 6 8 9 10 11 12 13 14 15 16 | 16.6
Necromancy     | 5 6 7 8 9 10 11 12 13 14 | 14.4
Fighting       | 3 5 6 7 8 9 10 11 12 | 12.2
Dodging        | 3 4 5 6 7 8 9 10 | 10.5
Hexes          | 3 4 5 6 7 8 |  8.0
Long Blades    | 1 |  1.3
Maces & Flails | 1 4 6 7 9 10 11 12 | 12.4
Earth Magic    | 1 3 4 5 6 7 8 9 |  9.0
Shields        | 2 4 5 6 7 8 |  8.3
Translocations | 3 4 5 |  5.6
Stealth        | |  1.6

Action                   |  1- 3 |  4- 6 |  7- 9 | 10-12 | 13-15 | 16-18 || total
-------------------------+-------+-------+-------+-------+-------+-------++-------
Melee: Unarmed           |     6 |       |       |       |       |       ||     6
       Club              |     1 |       |       |       |       |       ||     1
       Whip              |    23 |    43 |   194 |    44 |   185 |       ||   489
       Short sword       |     2 |       |       |       |       |       ||     2
       Punch             |       |       |     7 |     1 |       |       ||     8
       Scimitar          |       |       |       |    75 |    42 |       ||   117
       Spear             |       |       |       |     9 |       |       ||     9
       Rapier            |       |       |       |     3 |       |       ||     3
       Staff             |       |       |       |     7 |    27 |     5 ||    39
       Trident           |       |       |       |       |     2 |       ||     2
       Demon whip        |       |       |       |       |    17 |    94 ||   111
       Demon trident     |       |       |       |       |       |     2 ||     2
 Cast: Necrotise         |    77 |    62 |    85 |    28 |     3 |     1 ||   256
       Vampiric Draining |       |     4 |    33 |    18 |    51 |    43 ||   149
       Animate Dead      |       |       |     8 |    15 |    21 |    10 ||    54
       Agony             |       |       |     6 |    10 |     3 |       ||    19
       Borgnjor's Vile C |       |       |       |    42 |   178 |    89 ||   309
       Anguish           |       |       |       |    15 |    42 |    17 ||    74
       Cause Fear        |       |       |       |     1 |     5 |     2 ||     8
       Tukima's Dance    |       |       |       |       |     2 |       ||     2
       Death Channel     |       |       |       |       |    20 |    18 ||    38
       Apportation       |       |       |       |       |       |    19 ||    19
       Passage of Golubr |       |       |       |       |       |     1 ||     1
Invok: Unearth Wretches  |       |       |       |     1 |     1 |     2 ||     4
       Brand Weapon With |       |       |       |       |     1 |       ||     1
Evoke: Wand              |       |     2 |     1 |     2 |     5 |       ||    10
  Use: Scroll            |       |     2 |     8 |     4 |    11 |     6 ||    31
 Stab: Sleeping          |     2 |     2 |     3 |     3 |     3 |     3 ||    16
       Distracted        |       |       |     2 |     2 |     4 |     1 ||     9
       Paralysed         |       |       |       |       |     1 |       ||     1
Armor: Robe              |     5 |    13 |    72 |    46 |    77 |    41 ||   254
       Leather armour    |    11 |    12 |       |       |       |       ||    23
Dodge: Dodged            |    37 |    40 |   181 |   202 |   198 |   102 ||   760
Block: Buckler           |       |       |       |     9 |       |       ||     9
       Kite shield       |       |       |       |     7 |   217 |   114 ||   338
